 Dungeon Crawl Stone Soup version 0.25.0-9-g26727b657a (webtiles) character file.

Game seed: 5579765797070874487

13856 Krehm the Fighter (level 12, -3/132 HPs)
             Began as an Octopode Venom Mage on June 18, 2020.
             Was an Elder of Fedhas.
             Slain by a wolf (4 damage)
             ... in a Gauntlet.
             The game lasted 02:21:00 (16025 turns).

Krehm the Fighter (Octopode Venom Mage)            Turns: 16025, Time: 02:21:02

Health: -3/132     AC: 26    Str: 13    XL:     12   Next: 10%
Magic:  20/27      EV:  2    Int: 23    God:    Fedhas [****..]
Gold:   653        SH: 12    Dex: 12    Spells: 0/19 levels left

rFire    . . .     SeeInvis +   M - +3 scimitar (flame)
rCold    . . .     Gourm    .   A - +1 kite shield
rNeg     + + +     Faith    .   (helmet currently unavailable)
rPois    +         Spirit   .   D - amulet of regeneration
rElec    .         Reflect  .   c - ring of wizardry
rCorr    .         Harm     .   f - ring of protection from magic
MR       +....     NoTele   +   o - ring of flight
Stlth    +++.......             s - ring of magical power
HPRegen  0.72/turn              x - +6 ring of strength
MPRegen  0.20/turn              g - ring of see invisible
                                (no ring)
                                (no ring)

@: mighty, tree-form, very slightly contaminated, invisible
A: almost no armour, stealthy swim, (amphibious), 8 rings, (constrict 8)
a: Wall of Briars, Grow Ballistomycete, Overgrow, Renounce Religion


You were in a Gauntlet.
You worshipped Fedhas.
Fedhas was greatly pleased with you.
You were not hungry.
You were a tree.
You visited 1 branch of the dungeon, and saw 11 of its levels.
You also visited: Gauntlet.

You collected 653 gold pieces.

Inventory:

Hand Weapons
 L - a +2 dagger of electrocution
 M - a +3 scimitar of flaming (weapon)
Missiles
 r - 43 poisoned darts (quivered)
 t - 7 curare-tipped darts
 C - 5 javelins
Armour
 A - a +1 kite shield (worn)
 H - a +0 robe
Jewellery
 c - a ring of wizardry (left branch)
 f - a ring of protection from magic (right branch)
 g - a ring of see invisible (on tentacle)
 o - a ring of flight (on tentacle)
 s - a ring of magical power (on tentacle)
 x - a +6 ring of strength (on tentacle)
 D - an amulet of regeneration (around neck)
Wands
 k - a wand of polymorph (4)
 m - a wand of iceblast (28)
 y - a wand of random effects (19)
 F - a wand of flame (11)
 I - a wand of disintegration (8)
 Q - a wand of digging (7)
Scrolls
 d - a scroll of fear {unknown}
 i - a scroll of fog {unknown}
 j - 7 scrolls of remove curse
 l - a scroll of teleportation
 q - a scroll of enchant armour
Potions
 n - a potion of berserk rage
 w - a potion of might
 z - 2 potions of mutation
 B - a potion of lignification
 J - a potion of flight
 K - 2 potions of stabbing
 N - a potion of brilliance
 R - a potion of haste {unknown}
Miscellaneous
 e - a lightning rod (4/4)
 O - a tin of tremorstones (3/3)
Comestibles
 b - 24 rations


   Skills:
 + Level 10.4 Fighting
 + Level 5.7 Long Blades
 - Level 2.0 Dodging
 - Level 7.0 Stealth
 + Level 10.0 Shields
 - Level 4.3 Spellcasting
 - Level 2.0 Conjurations
 + Level 1.2 Transmutations
 - Level 1.0 Fire Magic
 - Level 2.0 Air Magic
 + Level 0.6 Earth Magic
 - Level 6.0 Poison Magic
 + Level 5.6 Invocations
 - Level 6.0 Evocations


You couldn't memorise any spells.
You knew the following spells:

 Your Spells              Type           Power        Failure   Level  Hunger
a - Sting                 Tmut/Pois      ###.         1%          1    None
b - Mephitic Cloud        Conj/Pois/Air  ###.....     6%          3    ##.....
c - Olgreb's Toxic Radia  Pois           ####....     7%          4    ####...
d - Apportation           Tloc           #.....       9%          1    None
e - Animate Skeleton      Necr           N/A          9%          1    None
f - Ignite Poison         Fire/Tmut/Pois ###.....     8%          3    ##.....
g - Statue Form           Tmut/Erth      #........    100%        6    #######

Your spell library contained the following spells:

 Spells                   Type           Power        Failure   Level  Hunger
 Poisonous Vapours        Pois/Air       ###...       2%          2    #......
 Corona                   Hex            #......      9%          1    None
 Summon Butterflies       Summ           #.......     9%          1    None
 Summon Small Mammal      Summ           #...         9%          1    None
 Conjure Flame            Conj/Fire      ##......     13%         3    ##.....
 Lesser Beckoning         Tloc           #.........   24%         3    ##.....
 Tukima's Dance           Hex            #.......     24%         3    ##.....
 Alistair's Intoxication  Tmut/Pois      ###.....     43%         5    ######.
 Ice Form                 Ice/Tmut       #.......     50%         4    ####...
 Freezing Cloud           Conj/Ice/Air   ##........   99%         6    #######
 Invisibility             Hex            #.......     100%        6    #######
 Ring of Flames           Chrm/Fire      #.........   100%        7    #######


Dungeon Overview and Level Annotations

Branches:
Dungeon (11/15)            Temple (0/1) D:7            Lair (0/6) D:9
    Orc (0/2) D:11        Gauntlet (1/1)

Altars:
Ashenzari
Cheibriados
Dithmenos
Fedhas
Gozag
Hepliaklqana
Makhleb
Ru
Sif Muna
Trog
Uskayaw
Vehumet
Xom
Zin
The Shining One

Shops:
D:3 *   D:7 *

Annotations:
D:6 2 runed translucent doors, exclusions: 2 doors and downstairs, triki's ghost, amateur CeAM
D:8 exclusion: downstairs Gauntlet 9 transporters, 1 runed translucent door


Innate Abilities, Weirdness & Mutations

You cannot wear most types of armour.
You are very stealthy in the water. (Stealth+)
((You are amphibious.))
You can wear up to eight rings at the same time.
((You can use your tentacles to constrict eight enemies at once.))
((Your skin changes colour to match your surroundings (Stealth+).))
((Your rubbery body absorbs attacks. (AC +1, EV +1)))


Message History

* * * LOW HITPOINT WARNING * * *
The wolf bites you but does no damage.
You feel very mighty all of a sudden.
The wolf bites you but does no damage. x2; You block the wolf's attack. x3
The wolf bites you but does no damage.
You slash the wolf! You burn the wolf.
You kill the wolf!
Fedhas accepts your kill. You block the wolf's attack. The wolf bites you.
* * * LOW HITPOINT WARNING * * *
The wolf bites you but does no damage. You block the wolf's attack.
You slash the moth of wrath! You burn the moth of wrath.
The moth of wrath is almost dead.
You kill the moth of wrath!
Fedhas accepts your kill. The wolf bites you!
* * * LOW HITPOINT WARNING * * *
The wolf bites you but does no damage. The wolf bites you.
You die...
Fedhas appreciates your contribution to the ecosystem.

.#!#..^#.#.⌠.#©#.....#.⌠.#|.#.#..
.#h.####.#...#$#####.#...#55#.#..
.#as.... # ⌠.#(.Y99..#.⌠.#553....
.####### #. .#########...########
.....#.. ..⌠.#.........⌠.#.......
.####### #...#########...########
.#Z..##. #.⌠.#.......#.⌠.#.....##
.###...#.#...#)#.###.#...#[##.###
.#![#..#.#.⌠.#..♣h#..#.⌠.#(##....
.#©$#©#..#©.©#©.#h#.##©.©#©#.©.#.
.#.#..#.s#####).#h..######....##.
.#.#...###...#.###.###...####.##.
.#..##.ZZ#.⌠.#.......#.⌠.###.....
.#########...#########...########
.................................
≈#≈≈≈#≈≈≈#≈≈≈#≈≈≈#≈≈≈#≈≈≈#≈≈≈#≈≈≈
###≈###≈###≈###≈###≈###≈###≈###≈#


You could see a catoblepas, 2 gargoyles and 3 wolves.

Vanquished Creatures
  Erica (D:9)
  3 two-headed ogres (D:9)
  Urug (D:10)
  A soul eater (Gauntlet)
  2 unseen horrors
  A cyclops (D:8)
  A moth of wrath (Gauntlet)
  A gargoyle (D:10)
  A centaur skeleton (D:10)
  A hornet (D:10)
  A hippogriff (D:8)
  Sigmund (D:2)
  A wraith (D:11)
  A yak (D:7)
  A human (D:7)
  3 hogs (D:7)
  A basilisk (D:8)
  A hungry ghost (D:8)
  Menkaure (D:6)
  Edmund (D:6)
  4 porcupines (D:9)
  Duvessa (D:6)
  3 sky beasts
  4 ice beasts
  3 orc warriors
  An eye of draining (D:10)
  4 ogres
  A black bear (D:7)
  A wolf (Gauntlet)
  A phantom (D:10)
  5 centaurs
  2 crocodiles (D:9)
  2 big kobolds
  2 gnoll sergeants (D:7)
  3 bullfrogs
  Dowan (D:6)
  4 scorpions
  A water moccasin skeleton (D:9)
  4 killer bees (D:10)
  3 wights (D:8)
  2 howler monkeys
  5 crimson imps
  A quasit (D:8)
  4 jellies
  2 bullfrog skeletons
  5 orc priests
  6 hounds
  12 orc wizards
  8 worker ants
  7 iguanas
  A killer bee zombie (D:8)
  A hound zombie (D:5)
  2 worker ant zombies
  Robin (D:3)
  13 gnolls
  15 adders
  6 shadow imps
  3 oozes
  An adder skeleton (D:4)
  3 worms
  3 dart slugs
  6 leopard geckos
  29 orcs
  3 ball pythons
  7 bats
  6 giant cockroaches
  22 goblins
  7 hobgoblins
  9 jackals
  24 kobolds
  A quokka (D:2)
  4 frilled lizards
  A quokka skeleton (D:4)
  A quokka zombie (D:8)
  10 rats
306 creatures vanquished.

Vanquished Creatures (collateral kills)
  A centaur skeleton (D:10)
  An orc warrior (D:9)
  A phantom (D:9)
  A necrophage (D:6)
  2 crocodiles (D:9)
  A big kobold (D:7)
  2 bullfrogs
  A centaur zombie (D:10)
  A hound (D:9)
  A worker ant zombie (D:7)
  An adder skeleton (D:8)
  2 orcs
  A jackal (D:7)
16 creatures vanquished.

Vanquished Creatures (others)
  An orc wizard (D:9)
  A kobold (D:7)
  55 fungi (D:9)
  37 plants (D:9)
94 creatures vanquished.

Grand Total: 416 creatures vanquished

Notes
Turn   | Place    | Note
-------+----------+-------------------------------------------
     0 | D:1      | Krehm the Octopode Venom Mage began the quest for the Orb.
     0 | D:1      | Reached XP level 1. HP: 11/11 MP: 3/3
   414 | D:1      | Reached XP level 2. HP: 17/17 MP: 1/5
   703 | D:1      | Reached XP level 3. HP: 8/21 MP: 1/6
  1862 | D:2      | Reached XP level 4. HP: 4/27 MP: 5/8
  2213 | D:2      | Learned a level 3 spell: Mephitic Cloud
  3255 | D:2      | Noticed Sigmund
  3521 | D:2      | Killed Sigmund
  3521 | D:2      | Reached skill level 5 in Stealth
  3521 | D:2      | Reached skill level 1 in Conjurations
  3521 | D:2      | Reached skill level 1 in Air Magic
  3521 | D:2      | Reached skill level 5 in Poison Magic
  3521 | D:2      | Reached XP level 5. HP: 24/31 MP: 4/9
  3521 | D:2      | Reached XP level 6. HP: 28/36 MP: 4/10
  3936 | D:3      | You fall into a shaft and drop 2 floors!
  3936 | D:5      | Entered Level 5 of the Dungeon
  4577 | D:3      | Noticed Robin
  4786 | D:3      | Found Zin's Purification Station.
  4802 | D:3      | Reached XP level 7. HP: 26/42 MP: 12/12
  5037 | D:3      | Found a glowing silver altar of Zin.
  5278 | D:3      | Learned a level 4 spell: Olgreb's Toxic Radiance
  5334 | D:3      | Killed Robin
  5334 | D:3      | Reached skill level 1 in Fighting
  5944 | D:4      | Learned a level 1 spell: Apportation
  5946 | D:4      | Learned a level 1 spell: Animate Skeleton
  6093 | D:4      | Found a blossoming altar of Fedhas.
  6682 | D:5      | Found a burning altar of Makhleb.
  6924 | D:5      | Reached XP level 8. HP: 51/51 MP: 11/14
  6999 | D:5      | Reached skill level 1 in Shields
  7091 | D:4      | Became a worshipper of Fedhas Madash
  7359 | D:6      | Noticed Duvessa
  7360 | D:6      | Noticed Dowan
  7369 | D:6      | Killed Duvessa
  7373 | D:6      | Killed Dowan
  7452 | D:6      | Found a large runed translucent door.
  7453 | D:6      | Found a large runed translucent door.
  7453 | D:6      | Noticed triki's ghost (amateur CeAM)
  7542 | D:6      | Noticed Edmund
  7558 | D:6      | Killed Edmund
  7785 | D:6      | Found a bloodstained altar of Trog.
  7797 | D:6      | Reached skill level 1 in Evocations
  7858 | D:6      | Reached skill level 5 in Fighting
  7975 | D:6      | Reached XP level 9. HP: 61/61 MP: 13/15
  8070 | D:6      | Found an opulent altar of Gozag.
  8100 | D:6      | Noticed Menkaure
  8126 | D:6      | HP: 5/136 [Menkaure (8)]
  8129 | D:6      | Killed Menkaure
  8430 | D:6      | Found a shattered altar of Ashenzari.
  8518 | D:7      | Found a staircase to the Ecumenical Temple.
  8590 | D:7      | Reached skill level 5 in Shields
  8646 | D:7      | Found Jetua's Assorted Antiques.
  8819 | D:7      | Reached * piety under Fedhas
  9474 | D:7      | Found a hazy altar of Hepliaklqana.
  9487 | D:7      | Found a snail-covered altar of Cheibriados.
  9579 | D:7      | Reached XP level 10. HP: 62/71 MP: 16/16
  9816 | D:7      | Found a glowing golden altar of the Shining One.
 10125 | D:8      | Reached ** piety under Fedhas
 10153 | D:8      | Learned a level 3 spell: Ignite Poison
 10225 | D:8      | Found a sacrificial altar of Ru.
 10272 | D:8      | Reached skill level 1 in Fire Magic
 10272 | D:8      | Reached skill level 1 in Invocations
 10456 | D:8      | Reached skill level 5 in Evocations
 11108 | D:9      | Noticed a cyclops
 11324 | D:9      | Noticed Erica
 11344 | D:9      | Killed Erica
 11619 | D:9      | Found a shadowy altar of Dithmenos.
 11622 | D:9      | Noticed a two-headed ogre
 11624 | D:9      | Reached *** piety under Fedhas
 11812 | D:8      | Killed a cyclops
 11812 | D:8      | Reached skill level 1 in Long Blades
 11939 | D:9      | Noticed a two-headed ogre
 11946 | D:9      | Killed a two-headed ogre
 11946 | D:9      | Reached XP level 11. HP: 80/80 MP: 4/17
 11947 | D:9      | Killed a two-headed ogre
 12396 | D:9      | Noticed a two-headed ogre
 12401 | D:9      | Killed a two-headed ogre
 12490 | D:9      | Found a staircase to the Lair.
 12639 | D:9      | Found a shimmering altar of Xom.
 12823 | D:9      | Found a shimmering blue altar of Sif Muna.
 12851 | D:9      | Found a radiant altar of Vehumet.
 12851 | D:9      | Found a hide-covered altar of Uskayaw.
 13198 | D:10     | Entered Level 10 of the Dungeon
 13357 | D:10     | Noticed an unseen horror
 13363 | D:10     | Killed an unseen horror
 13452 | D:10     | Reached **** piety under Fedhas
 13992 | D:10     | Noticed Urug
 14101 | D:10     | Reached skill level 10 in Fighting
 14239 | D:10     | Reached skill level 5 in Long Blades
 14510 | D:10     | Killed Urug
 15028 | D:10     | Reached skill level 5 in Invocations
 15483 | D:11     | Noticed an unseen horror
 15490 | D:11     | Killed an unseen horror
 15491 | D:11     | Identified the Catalogue of Changing and Bewitchment
 15583 | D:11     | Found a gate leading to a gauntlet.
 15601 | Gauntlet | Entered a Gauntlet
 15601 | Gauntlet | Found a transporter.
 15601 | Gauntlet | Found a transporter.
 15604 | Gauntlet | Noticed a soul eater
 15606 | Gauntlet | Noticed a soul eater
 15619 | Gauntlet | Found a transporter.
 15621 | Gauntlet | Found a transporter.
 15628 | Gauntlet | Found a runed translucent door.
 15630 | Gauntlet | Found a transporter.
 15633 | Gauntlet | Found a transporter.
 15641 | Gauntlet | Noticed a four-headed hydra
 15641 | Gauntlet | Noticed a spark wasp
 15641 | Gauntlet | a four-headed hydra changed into a spark wasp
 15643 | Gauntlet | Found a transporter.
 15645 | Gauntlet | Noticed a fire dragon
 15645 | Gauntlet | a spark wasp changed into a fire dragon
 15646 | Gauntlet | a fire dragon changed into a tyrant leech
 15649 | Gauntlet | Noticed an ice dragon
 15649 | Gauntlet | a tyrant leech changed into an ice dragon
 15655 | Gauntlet | an ice dragon changed into a swamp worm
 15661 | Gauntlet | Found a transporter.
 15682 | Gauntlet | Found a transporter.
 15683 | Gauntlet | Found a transporter.
 15685 | Gauntlet | Noticed a death scarab
 15689 | Gauntlet | Noticed a moth of wrath
 15691 | Gauntlet | Found a transporter.
 15695 | Gauntlet | Found a transporter.
 15811 | Gauntlet | Reached XP level 12. HP: 61/87 MP: 18/18
 15833 | Gauntlet | Killed a soul eater
 15833 | Gauntlet | Reached skill level 10 in Shields
 15968 | Gauntlet | Learned a level 6 spell: Statue Form
 15987 | Gauntlet | Noticed a catoblepas
 16025 | Gauntlet | HP: 1/132 [wolf (10)]
 16025 | Gauntlet | Slain by a wolf

Illustrated notes

Levels and vault maps discovered:
D:1:      dpeg_arrival_ternary, layout_loops_corners,
          minmay_misc_feat_more_columns, hangedman_decor_push
D:2:      layout_basic, first_ration, uniq_sigmund
D:3:      layout_rooms, zin_purify, supply_closet_lemuel, minmay_pentangle,
          uniq_robin
D:4:      layout_loops_ring, nicolae_overflow_hidden_temple, feat_on_display
D:5:      layout_rooms, lemuel_doored_altar
D:6:      layout_loops_ring, ashenzari_altar_1, grunt_gozag_breadcrumbs,
          ebering_ghost_disaster_area, trog_butcher_becter, uniq_menkaure,
          uniq_edmund, uniq_duvessa
D:7:      layout_rooms, tso_altar, minitemple, minmay_temple_entry_glass,
          serial_shops, nicolae_shop_statue_plus, grunt_livestock,
          minmay_diced_spiral
D:8:      layout_loops_corners, hangedman_ru_absence
D:9:      layout_basic, tgw_sif, lemuel_round_altar,
          gammafunk_temple_overflow_elements,
          nicolae_dithmenos_through_a_glass_darkly, due_lair_maze_entry_diamond,
          bh_walls_and_bars, uniq_erica
D:10:     layout_layer_cave, uniq_urug
D:11:     layout_roguey, orc_david_3, gauntlet_entry_generic
Gauntlet: minmay_gauntlet_77_indecision [minmay_gauntlet_arena_77_p_blocks,
          minmay_gauntlet_arena_77_chump_sandwich,
          minmay_gauntlet_arena_77_broken_ladder, minmay_gauntlet_arena_77_path,
          minmay_gauntlet_arena_77_squiggly, minmay_gauntlet_arena_77_box,
          gauntlet_exit_spiral]

Skill      XL: |  1  2  3  4  5  6  7  8  9 10 11 12 |
---------------+-------------------------------------+-----
Stealth        | 3 4 5 6 7 |  7.0
Poison Magic   | 4 5 6 |  6.0
Spellcasting   | 3 4 |  4.3
Conjurations   | 1 2 |  2.0
Air Magic      | 1 2 |  2.0
Fighting       | 2 5 7 9 10 | 10.4
Shields        | 4 6 8 9 10 | 10.0
Evocations     | 2 4 6 |  6.0
Fire Magic     | 1 |  1.0
Invocations    | 2 5 |  5.6
Long Blades    | 2 5 |  5.7
Dodging        | |  2.0
Transmutations | |  1.2
Earth Magic    | |  0.6

Action                   |  1- 3 |  4- 6 |  7- 9 | 10-12 || total
-------------------------+-------+-------+-------+-------++-------
Melee: Dagger            |    22 |    73 |   163 |   215 ||   473
       Unarmed           |     2 |       |       |       ||     2
       Constrict         |    12 |    16 |    28 |    41 ||    97
       Tentacles         |     3 |    10 |    26 |    49 ||    88
       Scimitar          |       |       |       |     5 ||     5
Throw: Dart              |       |    10 |    10 |       ||    20
 Cast: Sting             |    47 |    63 |    42 |    10 ||   162
       Mephitic Cloud    |       |     1 |     4 |    44 ||    49
       Olgreb's Toxic Ra |       |       |    48 |    56 ||   104
       Animate Skeleton  |       |       |    15 |    43 ||    58
       Ignite Poison     |       |       |       |    24 ||    24
  Use: Scroll            |       |     2 |     2 |    12 ||    16
       Potion            |       |     1 |     4 |     8 ||    13
 Stab: Confused          |       |     1 |     1 |     4 ||     6
       Sleeping          |       |     7 |     6 |     4 ||    17
       Distracted        |       |       |     4 |     2 ||     6
       Petrifying        |       |       |       |     1 ||     1
  Eat: Chunk             |     3 |     9 |    23 |    21 ||    56
       Ration            |       |       |       |     4 ||     4
Armor: Skin              |     6 |    43 |    41 |    40 ||   130
Dodge: Dodged            |    17 |    39 |    59 |    96 ||   211
Block: Kite shield       |       |       |     1 |    13 ||    14
       Buckler           |       |       |    18 |    52 ||    70
       Rpst.: Scimitar   |       |       |       |     1 ||     1
